 Dungeon Crawl Stone Soup version 0.28.0-1-gb440e238dd (webtiles) character file.

Game seed: 11500892157783138623

28 growler the Gusty (level 3, -1/19 HPs)
             Began as a Tengu Air Elementalist on Feb 20, 2022.
             Slain by an adder (2 damage)
             ... on level 1 of the Dungeon.
             The game lasted 00:04:21 (1439 turns).

growler the Gusty (Tengu Air Elementalist)          Turns: 1439, Time: 00:04:22

Health: -1/19      AC:  2    Str:  8    XL:     3   Next: 12%
Magic:  1/7        EV: 12    Int: 17    God:
Gold:   10         SH:  0    Dex: 14    Spells: 0/6 levels left

rFire   . . .      SeeInvis .   (no weapon)
rCold   . . .      Faith    .   (no shield)
rNeg    . . .      Spirit   .   a - +0 robe
rPois   .          Reflect  .   (helmet restricted)
rElec   .          Harm     .   (no cloak)
rCorr   .          Rampage  .   (no gloves)
Will    .....                   (boots unavailable)
Stlth   ++........              (no amulet)
HPRegen 0.06/turn               (no ring)
MPRegen 0.10/turn               (no ring)

@: no status effects
A: beak, talons 3
a: no special abilities


You were on level 1 of the Dungeon.
You visited 1 branch of the dungeon, and saw 2 of its levels.

You collected 10 gold pieces.

Inventory:

Armour
 a - a +0 robe (worn)
Scrolls
 c - a scroll of fog {unknown}
 d - a scroll of amnesia {unknown}
 e - a scroll of identify {unknown}
Potions
 b - a potion of lignification {unknown}
 g - a potion of mutation {unknown}


   Skills:
 - Level 2.1 Dodging
 - Level 2.0 Stealth
 + Level 2.4 Spellcasting
 + Level 2.5 Conjurations
 + Level 4.6 Air Magic


You couldn't memorise any spells.
You knew the following spells:

 Your Spells              Type           Power      Damage    Failure   Level
a - Shock                 Conj/Air       56%        1d6       4%          1
d - Static Discharge      Conj/Air       14%        N/A       6%          2
s - Swiftness             Air            17%        N/A       9%          3

Your spell library contained the following spells:

 Spells                   Type           Power      Damage    Failure   Level
 Airstrike                Air            8%         N/A       28%         4


Dungeon Overview and Level Annotations

Branches:
Dungeon (2/15)

Altars:


Innate Abilities, Weirdness & Mutations

You have a beak for a mouth.
You have claws for feet.


Message History

Nothing appears to happen.
The adder barely misses you.
The adder is struck by an arc of lightning.
You are struck by an arc of lightning.
The lightning grounds out.
The adder barely misses you. The adder bites you.
* * * LOW HITPOINT WARNING * * *
The zap hits the adder. x2
A gnoll comes into view. It is wielding a +0 halberd.
The adder bites you.
* * * LOW HITPOINT WARNING * * *
You are lethally poisoned!
The adder poisons you!
It was a potion of heal wounds.
You feel much better.
You feel sick. The adder closely misses you.
You feel sick.
Really walk into that teleport trap?
Okay, then.
Really walk into that teleport trap?
You enter a teleport trap!
The teleport trap disappears.
Your surroundings suddenly seem different.
An adder, a quokka and an endoplasm come into view.
Found 3 scrolls labelled FIJUN OCRIRE.
You feel sick.
Found an escape hatch in the ceiling.
You feel sick.
You feel sick.
You are no longer poisoned.
Your magical contamination has completely faded away.
The adder hisses angrily.
The adder closely misses you.
A bat comes into view.
The adder bites you.
* * * LOW HITPOINT WARNING * * *
The adder closely misses you.
There is an escape hatch in the ceiling here.
Really go through this one-way escape hatch?
The adder misses you. A mysterious force pulls you upwards.
The hatch slams shut behind you.
Unknown command.
The adder misses you. The adder bites you.
* * * LOW HITPOINT WARNING * * *
Unknown command.
Unknown command.
The adder is struck by an arc of lightning.
The lightning grounds out.
The adder closely misses you. The adder completely misses you.
The adder bites you.
* * * LOW HITPOINT WARNING * * *
The adder misses you. The adder bites you.
You die...

............#...#........#
.####÷.....[.#.#.........# .#
####.#.#..#..#######.# .#
#####.#)##...## #.# .#
#...........## #.########
.###.###....##.# #.........
.............#.# ########..
#########...##.########## #.. #
##.###..@S......# ##† #.#
##########.# ##. #.# #.# #.. ###
##'## #.# #.# ..# ##...## ##.##
#.. #.# ##.....## ###...# ### ..#
##.......## ##.#...# #
..####.........####......########
...............'.................


You could see an adder.

Vanquished Creatures
  A dart slug (D:2)
  2 bats
  2 endoplasms
  A giant cockroach (D:1)
  2 hobgoblins (D:1)
  2 quokkas (D:1)
  4 ball pythons
  2 frilled lizards (D:1)
  2 goblins (D:1)
  3 kobolds
  5 rats (D:1)
26 creatures vanquished.

Notes
Turn   | Place    | Note
-------+----------+-------------------------------------------
     0 | D:1      | growler the Tengu Air Elementalist began the quest for the
                  | Orb.
     0 | D:1      | Reached XP level 1. HP: 10/10 MP: 4/4
   393 | D:1      | Reached XP level 2. HP: 15/15 MP: 1/6
   469 | D:1      | Learned a level 2 spell: Static Discharge
  1260 | D:2      | Reached XP level 3. HP: 19/19 MP: 5/7
  1264 | D:2      | Learned a level 3 spell: Swiftness
  1439 | D:1      | Slain by an adder

Illustrated notes

Levels and vault maps discovered:
D:1:      psy_arrival_dodecagon, layout_loops_corners
D:2:      layout_basic, shapermc_ecumenical_altar_mp_ritualfount

Skill      XL: |  1  2 |
---------------+-------+-----
Conjurations   | 2 |  2.5
Dodging        | |  2.1
Stealth        | |  2.0
Spellcasting   | |  2.4
Air Magic      | |  4.6

Action                   || total
-------------------------++-------
Melee: Unarmed           ||     1
 Cast: Shock             ||    46
       Static Discharge  ||     4
  Use: Potion            ||     1
Dodge: Dodged            ||    17
